 Dungeon Sprint DCSS version 0.30-a0-879-ga8ba668304 (webtiles) character file.

Game seed: 15539421342756731770

46 rocky1 the Cudgeller (level 3, 0/58 HPs)
             Began as an Ogre Gladiator on Mar 14, 2023.
             Succumbed to a scorpion's poison
             ... in the Dungeon (Sprint IX: "|||||||||||||||||||||||||||||").
             The game lasted 00:00:59 (245 turns).

rocky1 the Cudgeller (Ogre Gladiator)                Turns: 245, Time: 00:01:00

Health: 0/58       AC:  3    Str: 20    XL:     3   Next: 68%
Magic:  3/3        EV: 11    Int:  9    God:
Gold:   0          SH:  0    Dex: 10    Spells: 2/2 levels left

rFire   . . .      SeeInvis .    a - +0 flail
rCold   . . .      Faith    .    (no shield)
rNeg    . . .      Spirit   .    b - +0 robe
rPois   .          Reflect  .    c - +0 hat
rElec   .          Rampage  .    (no cloak)
rCorr   .          NoTele   +    (gloves unavailable)
Will    .....                    (boots unavailable) Stlth
                                 (no amulet)
HPRegen 0.29/turn                (no ring)
MPRegen 0.08/turn                (no ring)

@: berserking, lethally poisoned (0 -> -8), very quick
A: large, unfitting armour, tough skin 1
a: no special abilities


You were in the Dungeon.
You visited 1 branch

Inventory:

Hand Weapons
 a - a +0 flail (weapon)
Missiles
 d - 3 throwing nets (quivered)
 e - a large rock
Armour
 b - a +0 robe (worn)
 c - a +0 hat (worn)
Scrolls
 k - a scroll of blinking
Potions
 h - a potion of haste
 i - 2 potions of magic


   Skills:
 + Level 3.9 Fighting
 + Level 5.1 Maces & Flails
 - Level 2.2 Throwing
 + Level 4.7 Dodging


You had 2 spell levels left.
You didn't know any spells.
Your spell library was empty.

Dungeon Overview and Level Annotations

Branches:
Dungeon (1/1)

Altars:


Innate Abilities, Weirdness & Mutations

You are too large for most types of armour.
You have tough skin. (AC +1)


Message History

The iguana is almost dead.
The iguana barely misses you.
You feel better.
The iguana hisses menacingly.
The iguana bites you!
* * * LOW HITPOINT WARNING * * *
You closely miss the iguana.
The iguana is almost dead.
The iguana bites you.
* * * LOW HITPOINT WARNING * * *
You hit the iguana.
You kill the iguana!
Your Dodging skill increases to level 4!
You have reached level 3!
Your experience leads to an increase in your attributes!
Increase (S)trength, (I)ntelligence, or (D)exterity?
You feel stronger. x3
You barely miss the shadow imp.
The shadow imp hits you but does no damage.
A red film seems to cover your vision as you go berserk!
You feel yourself moving faster!
You feel mighty! The shadow imp barely misses you.
You bludgeon the shadow imp!!
You kill the shadow imp!
Your Maces & Flails skill increases to level 5!
You thump the scorpion!
The scorpion is almost dead.
The scorpion closely misses you.
You closely miss the scorpion. Your punch misses the scorpion.
The scorpion is almost dead.
The scorpion stings you but does no damage.
You barely miss the scorpion.
The scorpion is almost dead.
The scorpion stings you.
* * * LOW HITPOINT WARNING * * *
You are lethally poisoned!
The scorpion poisons you!
You barely miss the scorpion.
The scorpion is almost dead.
You die... ▓▓▓▓▓▓▓▓▓▓▓▓▓▓▓▓▓▓ +....{s@...÷÷...<▓ ▓▓▓▓▓▓▓▓▓▓▓▓▓▓▓▓▓▓

You could see a scorpion.

Vanquished Creatures
  An iguana (D)
  An adder (D)
  A shadow imp (D)
  2 bats (D)
  2 hobgoblins (D)
  A frilled lizard (D)
8 creatures vanquished.

Notes
Turn   | Place    | Note
-------+----------+-------------------------------------------
     0 | D        | rocky1 the Ogre Gladiator began the quest for the Orb.
     0 | D        | Reached XP level 1. HP: 22/22 MP: 1/1
     5 | D        | Reached skill level 3 in Maces & Flails
   218 | D        | Noticed an orc wizard
   218 | D        | Noticed a scorpion
   218 | D        | Noticed an iguana
   220 | D        | Reached skill level 4 in Maces & Flails
   220 | D        | Reached XP level 2. HP: 31/31 MP: 2/2
   237 | D        | HP: 1/31 [iguana (1)]
   239 | D        | Reached XP level 3. HP: 2/39 MP: 3/3
   242 | D        | Reached skill level 5 in Maces & Flails
   244 | D        | HP: 1/58 [scorpion (3)]
   245 | D        | Succumbed to a scorpion's poison

Illustrated notes

Levels and vault maps discovered:
D:        linesprint [early_d, line_temple, items_1, d_10, items_2, lair_1,
          lair_end, items_3, orc_1, orc_end, items_4, d_15, swamp_1, shoals_1,
          snake_1, spider_1, d_20, vaults_1, items_5, swamp_end, shoals_end,
          snake_end, spider_end, vaults_end, d_27, items_6, zot_1, zot_end,
          crypt_end, forest_end, elf_end, slime_end, tomb_end, abyss_end,
          pan_hell_end]

Skill      XL: |  1  2  3 |
---------------+----------+-----
Maces & Flails | 4 5 |  5.1
Dodging        | 3 4 |  4.7
Fighting       | 3 |  3.9
Throwing       | |  2.2

Action                     || total
---------------------------++-------
  Melee: Flail             ||    32
    Use: Potion            ||     3
 Armour: Robe              ||     9
  Dodge: Dodged            ||    15

Table legend: (Time is in decaauts)
 A = Elapsed time spent in this place.
 B = Non-inter-level travel time spent in this place.
 C = Inter-level travel time spent in this place.
 D = Time resting spent in this place.
 E = Time spent auto-exploring this place.
 F = Levels seen in this place.
 G = Mean time per level.
                   A        B        C        D        E       F      G
               +--------+--------+--------+--------+--------+-----+--------+
         Total |    250 |    250 |      0 |    200 |      0 |   1 |  250.0 |
       Dungeon |    250 |    250 |      0 |    200 |      0 |   1 |  250.0 |
               +--------+--------+--------+--------+--------+-----+--------+

Top non-repeatable levels by time:
       D: 250 daAuts
